UAA
PHOENIX HOTSPUR YOUTH @ RICHLAND RAILS
08/01/2017
 
TOP OF THE 1ST
Mercer Island Screaming Eagles batting - Pitching for Irving Blue Sox : RHP Miguel González
Pitching: RHP Miguel González
Batting: RHB Cris López 0-0: Ball
1-0: Called Strike
1-1: Called Strike
1-2: Strikes out swinging
Batting: RHB Ron Gérard 0-0: Foul Ball, location: 2F
0-1: Ground out 6-3 (Groundball, 56)
Batting: LHB Raúl Andrade 0-0: Called Strike
0-1: Foul Ball, location: 2F
0-2: Ball
1-2: Foul Ball, location: 2F
1-2: Ground out 4-3 (Groundball, 4)
Top of the 1st over - 0 run(s), 0 hit(s), 0 error(s), 0 left on base; Mercer Island 0 - Irving 0
BOTTOM OF THE 1ST
Irving Blue Sox batting - Pitching for Mercer Island Screaming Eagles : RHP John Buck
Pitching: RHP John Buck
Batting: RHB Daniel Molina 0-0: Ball
1-0: Ball
2-0: Bunt for hit - play at first, batter safe!
Batting: RHB Pat Lugo 0-0: Ball
1-0: Called Strike
1-1: Ball
2-1: SINGLE (Line Drive, 78S)
Daniel Molina to second
Batting: RHB Nathan Norris 0-0: Called Strike
0-1: Ball
1-1: Ball
2-1: Swinging Strike
2-2: Ball
3-2: Fly out, F9 (Flyball, 89M)
Batting: RHB Dustin Johnstone 0-0: Swinging Strike
0-1: Called Strike
Daniel Molina steals 3rd base
0-2: Strikes out swinging
Batting: RHB Tom Harris 0-0: Called Strike
0-1: Ball
1-1: Ball
2-1: Foul Ball, location: 2F
2-2: Foul Ball, location: 2F
2-2: Fly out, F3 (Popup, 34)
Bottom of the 1st over - 0 run(s), 2 hit(s), 0 error(s), 2 left on base; Mercer Island 0 - Irving 0
TOP OF THE 2ND
Mercer Island Screaming Eagles batting - Pitching for Irving Blue Sox : RHP Miguel González
Batting: LHB Héctor Cortéz 0-0: SINGLE (Flyball, 7LS)
Batting: RHB Luis Antonio Hernández 0-0: Ball
1-0: Swinging Strike
1-1: Called Strike
1-2: Strikes out swinging
Batting: RHB Rick Moore 0-0: Called Strike
Héctor Cortéz is caught stealing 2nd base
0-1: Ball
1-1: Swinging Strike
1-2: Ball
2-2: Strikes out swinging
Top of the 2nd over - 0 run(s), 1 hit(s), 0 error(s), 0 left on base; Mercer Island 0 - Irving 0
BOTTOM OF THE 2ND
Irving Blue Sox batting - Pitching for Mercer Island Screaming Eagles : RHP John Buck
Batting: RHB Thomas Morris 0-0: Called Strike
0-1: Ball
1-1: Bunt missed!
1-2: Foul Ball, location: 2F
1-2: Fly out, F7 (Flyball, 7S)
Batting: LHB Mathew Rose 0-0: Called Strike
0-1: Ball
1-1: Foul Ball, location: 2F
1-2: Ground out 2-3 (Groundball, 23)
Batting: SHB Ron Peterson 0-0: Ground out 4-3 (Groundball, 34)
Bottom of the 2nd over - 0 run(s), 0 hit(s), 0 error(s), 0 left on base; Mercer Island 0 - Irving 0
TOP OF THE 3RD
Mercer Island Screaming Eagles batting - Pitching for Irving Blue Sox : RHP Miguel González
Batting: RHB Trent Stevens 0-0: Foul Ball, location: 2F
0-1: Foul Ball, location: 2F
0-2: Ball
1-2: Ball
2-2: Ball
3-2: Strikes out swinging
Batting: RHB Paul Houston 0-0: Called Strike
0-1: Swinging Strike
0-2: Ball
1-2: Foul Ball, location: 2F
1-2: Ball
2-2: Ball
3-2: Foul Ball, location: 2F
3-2: Fly out, F8 (Flyball, 8RD)
Batting: RHB Anthony Johnston 0-0: Called Strike
0-1: Foul Ball, location: 2F
0-2: Strikes out swinging
Top of the 3rd over - 0 run(s), 0 hit(s), 0 error(s), 0 left on base; Mercer Island 0 - Irving 0
BOTTOM OF THE 3RD
Irving Blue Sox batting - Pitching for Mercer Island Screaming Eagles : RHP John Buck
Batting: RHB Tony Quintana 0-0: Ball
1-0: Foul Ball, location: 2F
1-1: Swinging Strike
1-2: DOUBLE (Line Drive, 8LM)
Batting: RHB Daniel Molina 0-0: Ball
1-0: Fly out, F8 (Flyball, 78XD)
Runner from 2nd tags up, SAFE at 3rd, no throw
Batting: RHB Pat Lugo 0-0: Hit by Pitch
Batting: RHB Nathan Norris 0-0: Called Strike
0-1: Ball
1-1: Ball
2-1: Ball
3-1: SINGLE (Line Drive, 8RS)
Tony Quintana scores
Pat Lugo to second
Throwing error, E8
Pat Lugo scores
Nathan Norris to second
Batting: RHB Dustin Johnstone 0-0: Swinging Strike
0-1: Ball
1-1: Called Strike
1-2: Strikes out swinging
Batting: RHB Tom Harris 0-0: Called Strike
0-1: Fly out, F8 (Flyball, 8LM)
Bottom of the 3rd over - 2 run(s), 2 hit(s), 1 error(s), 1 left on base; Mercer Island 0 - Irving 2
TOP OF THE 4TH
Mercer Island Screaming Eagles batting - Pitching for Irving Blue Sox : RHP Miguel González
Batting: RHB Cris López 0-0: Called Strike
0-1: Swinging Strike
0-2: Strikes out swinging
Batting: RHB Ron Gérard 0-0: Called Strike
0-1: Ball
1-1: Ball
2-1: Ball
3-1: Base on Balls
Batting: LHB Raúl Andrade 0-0: Called Strike
0-1: Foul Ball, location: 2F
0-2: Ball
1-2: SINGLE (Line Drive, 4MD)
Ron Gérard to second
Batting: LHB Héctor Cortéz 0-0: Called Strike
0-1: Foul Ball, location: 2F
0-2: Foul Ball, location: 2F
0-2: Ball
1-2: Strikes out swinging
Batting: RHB Luis Antonio Hernández 0-0: Ground out 6-3 (Groundball, 6)
Top of the 4th over - 0 run(s), 1 hit(s), 0 error(s), 2 left on base; Mercer Island 0 - Irving 2
BOTTOM OF THE 4TH
Irving Blue Sox batting - Pitching for Mercer Island Screaming Eagles : RHP John Buck
Batting: RHB Thomas Morris 0-0: Foul Ball, location: 2F
0-1: Ground out 6-3 (Groundball, 6M)
Batting: LHB Mathew Rose 0-0: Ball
1-0: Called Strike
1-1: Foul Ball, location: 2F
1-2: Strikes out swinging
Batting: SHB Ron Peterson 0-0: Ball
1-0: Swinging Strike
1-1: SINGLE (Groundball, 4MD)
Batting: RHB Tony Quintana 0-0: Called Strike
0-1: Ball
1-1: Called Strike
1-2: Ball
2-2: Foul Ball, location: 2F
2-2: Strikes out swinging
Bottom of the 4th over - 0 run(s), 1 hit(s), 0 error(s), 1 left on base; Mercer Island 0 - Irving 2
TOP OF THE 5TH
Mercer Island Screaming Eagles batting - Pitching for Irving Blue Sox : RHP Miguel González
Batting: RHB Rick Moore 0-0: Called Strike
0-1: Called Strike
0-2: Strikes out looking
Batting: RHB Trent Stevens 0-0: Called Strike
0-1: Swinging Strike
0-2: Strikes out swinging
Batting: RHB Paul Houston 0-0: Called Strike
0-1: Ball
1-1: Called Strike
1-2: Foul Ball, location: 2F
1-2: Ball
2-2: Strikes out looking
Top of the 5th over - 0 run(s), 0 hit(s), 0 error(s), 0 left on base; Mercer Island 0 - Irving 2
BOTTOM OF THE 5TH
Irving Blue Sox batting - Pitching for Mercer Island Screaming Eagles : RHP John Buck
Batting: RHB Daniel Molina 0-0: Ball
1-0: Fly out, F8 (Flyball, 8RD)
Batting: RHB Pat Lugo 0-0: Ball
1-0: Called Strike
1-1: SOLO HOME RUN (Line Drive, 8RD), Distance : 455 ft
Batting: RHB Nathan Norris 0-0: Ball
1-0: Foul Ball, location: 2F
1-1: Ground out 5-3 (Groundball, 56S)
Batting: RHB Dustin Johnstone 0-0: Ball
1-0: Ball
2-0: Called Strike
2-1: Fly out, F8 (Flyball, 8LD)
Bottom of the 5th over - 1 run(s), 1 hit(s), 0 error(s), 0 left on base; Mercer Island 0 - Irving 3
TOP OF THE 6TH
Mercer Island Screaming Eagles batting - Pitching for Irving Blue Sox : RHP Miguel González
Batting: RHB Anthony Johnston 0-0: Ball
1-0: Swinging Strike
1-1: Called Strike
1-2: Ground out 6-3 (Groundball, 6M)
Batting: RHB Cris López 0-0: Called Strike
0-1: Ball
1-1: Foul Ball, location: 2F
1-2: Fly out, F8 (Line Drive, 8LM)
Batting: RHB Ron Gérard 0-0: Swinging Strike
0-1: Ball
1-1: SINGLE (Line Drive, 89M)
Batting: LHB Raúl Andrade 0-0: Ball
1-0: Ball
2-0: Fly out, F4 (Popup, 3D)
Top of the 6th over - 0 run(s), 1 hit(s), 0 error(s), 1 left on base; Mercer Island 0 - Irving 3
BOTTOM OF THE 6TH
Irving Blue Sox batting - Pitching for Mercer Island Screaming Eagles : RHP John Buck
Batting: RHB Tom Harris 0-0: Called Strike
0-1: Fly out, F9 (Flyball, 89D)
Batting: RHB Thomas Morris 0-0: Ball
1-0: Foul Ball, location: 2F
1-1: SINGLE (Line Drive, 78S)
Batting: LHB Mathew Rose 0-0: Ball
1-0: Ball
2-0: Called Strike
2-1: Ball
3-1: Foul Ball, location: 2F
3-2: Ground out 6-3 (Groundball, 6M)
Thomas Morris to second
Batting: SHB Ron Peterson 0-0: Called Strike
0-1: Ball
1-1: Swinging Strike
1-2: SINGLE (Groundball, 4M) (infield hit)
Thomas Morris to third
Batting: RHB Tony Quintana 0-0: Ball
1-0: Ball
2-0: Called Strike
2-1: Foul Ball, location: 2F
2-2: Strikes out swinging
Bottom of the 6th over - 0 run(s), 2 hit(s), 0 error(s), 2 left on base; Mercer Island 0 - Irving 3
TOP OF THE 7TH
Mercer Island Screaming Eagles batting - Pitching for Irving Blue Sox : RHP Miguel González
Batting: LHB Héctor Cortéz 0-0: Ball
1-0: Swinging Strike
1-1: Foul Ball, location: 2F
1-2: Ball
2-2: Foul Ball, location: 2F
2-2: Strikes out swinging
Batting: RHB Luis Antonio Hernández 0-0: Called Strike
0-1: Foul Ball, location: 2F
0-2: Ball
1-2: Strikes out looking
Batting: RHB Rick Moore 0-0: Called Strike
0-1: Ball
1-1: Foul Ball, location: 2F
1-2: Strikes out swinging
Top of the 7th over - 0 run(s), 0 hit(s), 0 error(s), 0 left on base; Mercer Island 0 - Irving 3
BOTTOM OF THE 7TH
Irving Blue Sox batting - Pitching for Mercer Island Screaming Eagles : RHP John Buck
Batting: RHB Daniel Molina 0-0: Swinging Strike
0-1: Called Strike
0-2: Foul Ball, location: 2F
0-2: Strikes out swinging
Batting: RHB Pat Lugo 0-0: Ball
1-0: Fly out, F8 (Flyball, 8LD)
Batting: RHB Nathan Norris 0-0: Ball
1-0: Called Strike
1-1: Swinging Strike
1-2: Strikes out swinging
Bottom of the 7th over - 0 run(s), 0 hit(s), 0 error(s), 0 left on base; Mercer Island 0 - Irving 3
TOP OF THE 8TH
Mercer Island Screaming Eagles batting - Pitching for Irving Blue Sox : RHP Miguel González
Batting: RHB Trent Stevens 0-0: Called Strike
0-1: Foul Ball, location: 2F
0-2: Ball
1-2: Ball
2-2: Strikes out swinging
Batting: RHB Paul Houston 0-0: Ball
1-0: Called Strike
1-1: Ball
2-1: Called Strike
2-2: Foul Ball, location: 2F
2-2: Foul Ball, location: 2F
2-2: Strikes out swinging
Batting: RHB Anthony Johnston 0-0: Ball
1-0: Fly out, F9 (Flyball, 9M)
Top of the 8th over - 0 run(s), 0 hit(s), 0 error(s), 0 left on base; Mercer Island 0 - Irving 3
BOTTOM OF THE 8TH
Irving Blue Sox batting - Pitching for Mercer Island Screaming Eagles : RHP John Buck
Pitching: RHP León Vásquez
Batting: RHB Dustin Johnstone 0-0: Called Strike
0-1: Called Strike
0-2: Foul Ball, location: 2F
0-2: Ball
1-2: Ball
2-2: Strikes out looking
Batting: RHB Tom Harris 0-0: Called Strike
0-1: Ball
1-1: Foul Ball, location: 2F
1-2: Ball
2-2: Ground out 4-3 (Groundball, 34)
Batting: RHB Thomas Morris 0-0: Swinging Strike
0-1: Ball
1-1: Swinging Strike
1-2: Strikes out swinging
Bottom of the 8th over - 0 run(s), 0 hit(s), 0 error(s), 0 left on base; Mercer Island 0 - Irving 3
TOP OF THE 9TH
Mercer Island Screaming Eagles batting - Pitching for Irving Blue Sox : RHP Miguel González
Pitching: RHP Al Turner
Batting: RHB Cris López 0-0: Foul Ball, location: 2F
0-1: Ball
1-1: Foul Ball, location: 2F
1-2: Strikes out looking
Batting: RHB Ron Gérard 0-0: Ball
1-0: Ball
2-0: Called Strike
2-1: Ground out 6-3 (Groundball, 6M)
Batting: LHB Raúl Andrade 0-0: DOUBLE (Line Drive, 3)
Batting: LHB Héctor Cortéz 0-0: Fly out, F9 (Flyball, 9M)
Top of the 9th over - 0 run(s), 1 hit(s), 0 error(s), 1 left on base; Mercer Island 0 - Irving 3
This league is powered by Out of the Park Baseball, the baseball management simulation game for PC, Mac and Linux
Saturday, February 27th, 2021 - OOTP Baseball 15.6 Build 34